AoeStats
← morignor13

MegaRandom

509926489Analyzed
2v2 RM · 3d ago on Sep 28, 2026· 50m 44s· 4 players
Game mode
Random Map
Map size
Medium (4 player)
Population
200
Speed
Normal
Resources
Standard
Victory
Conquest
Starting age
Dark Age
Ending age
Imperial Age
RankedLock teamsTeams togetherTeam positionsShared explorationLock speedFull tech treeHidden civsTurbo modeCheats
Victory
Defeat
🇺🇸 Mongols · United States
954
+16
🇲🇽 Huns · Mexico
935
+17
🇬🇷 Franks · Greece
983
-17
🇨🇭 Varangians · Switzerland
931
-16
mizacory
12:48 Feudal Age
17:39 Castle Age
16:47 Double-Bit Axe
16:47 Horse Collar
18:18 Fishing Lines
19:01 Bow Saw
18:51 Loom
19:40 Gillnets
20:35 Heavy Plow
25:16 Pikeman
29:17 Bloodlines
29:08 Husbandry
31:47 Stone Mining
31:48 Gold Mining
33:59 Wheelbarrow
34:01 Scale Barding Armor
34:06 Forging
37:41 Imperial Age
36:26 Hand Cart
36:18 Marauders
37:16 Gold Shaft Mining
37:46 Squires
37:31 Arson
39:52 Scale Barding Armor
39:12 Elite Tarkan
40:20 Conscription
41:06 Ballistics
40:49 Murder Holes
42:20 Chain Barding Armor
42:11 Forging
44:29 Plate Barding Armor
44:40 Iron Casting
50:31 Two-Man Saw
aextropical#0420
6:47 Loom
10:36 Feudal Age
11:10 Double-Bit Axe
11:27 Horse Collar
19:33 Castle Age
21:19 Bow Saw
21:17 Fletching
22:57 Bloodlines
22:48 Husbandry
25:11 Ballistics
29:15 Wheelbarrow
32:18 Hand Cart
34:39 Forging
36:12 Bodkin Arrow
36:17 Padded Archer Armor
37:41 Heavy Plow
40:16 Imperial Age
37:51 Light Cavalry
38:54 Town Watch
39:26 Murder Holes
40:18 Thumb Ring
41:28 Parthian Tactics
41:29 Leather Archer Armor
42:56 Chemistry
41:59 Capped Ram
43:05 Conscription
43:12 Bracer
43:49 Iron Casting
46:13 Hussar
48:54 Blast Furnace
47:59 Scale Barding Armor
49:27 Siege Ram
Doggtertee
8:31 Loom
11:10 Feudal Age
18:26 Castle Age
19:29 Double-Bit Axe
21:25 Horse Collar
21:37 Gold Mining
22:03 Bow Saw
21:46 Stone Mining
21:53 Fletching
22:17 Forging
23:26 Scale Barding Armor
27:35 Bodkin Arrow
28:12 Murder Holes
28:36 Town Watch
29:34 Treadmill Crane
30:54 Wheelbarrow
29:43 Elite Skirmisher
33:59 Imperial Age
32:30 Scale Mail Armor
33:06 Iron Casting
33:04 Hand Cart
32:55 Padded Archer Armor
33:19 Arson
33:37 Squires
34:26 Ballistics
33:57 Guard Tower
34:24 Masonry
34:23 Fishing Lines
36:40 Medium Warships
39:16 Chemistry
38:23 Siphons
40:02 Chain Barding Armor
40:07 Elite Longship
41:34 Heavy Warships
41:15 Vendel Legacy
42:16 Chain Mail Armor
46:48 Elite Jarl
47:32 Bracer
47:55 Siege Engineers
48:20 Architecture
48:12 Shipwright
48:27 Gothikon
49:18 Pikeman
morignor13
12:08 Feudal Age
20:26 Castle Age
21:28 Forging
23:46 Scale Barding Armor
23:37 Gold Mining
26:03 Fletching
29:39 Double-Bit Axe
33:19 Padded Archer Armor
33:15 Bodkin Arrow
37:31 Imperial Age
35:25 Leather Archer Armor
36:56 Wheelbarrow
36:39 Husbandry
38:37 Scale Mail Armor
38:02 Pikeman
38:37 Elite Skirmisher
40:35 Bow Saw
41:04 Conscription
41:13 Town Watch
41:15 Loom
42:08 Iron Casting
42:56 Halberdier
43:37 Squires
45:11 Stone Mining
45:59 Gold Shaft Mining
45:51 Cavalier
47:03 Ballistics
Connection lost

Rejoining the realm…

Still unreachable

The connection could not be restored.

Session expired

The server has moved on; the page needs a fresh start.